AoeStats
← Gemuda

Arabia

509631689Analyzed
1v1 RM · 6d ago on Sep 27, 2026· 33m 22s· 2 players
Game mode
Random Map
Map size
Tiny (2 player)
Population
200
Speed
Normal
Resources
Standard
Victory
Conquest
Starting age
Dark Age
Ending age
Imperial Age
RankedLock teamsTeams togetherTeam positionsShared explorationLock speedFull tech treeHidden civsTurbo modeCheats
Victory
Defeat
🇰🇿 Danes · Kazakhstan
180
+9
🇹🇷 Teutons · Türkiye
7
-7
Gemuda
2:26 Loom
12:12 Feudal Age
15:42 Wheelbarrow
14:53 Horse Collar
15:53 Double-Bit Axe
17:40 Padded Archer Armor
17:46 Arson
17:29 Man-at-Arms
23:35 Castle Age
23:06 Town Watch
24:48 Hand Cart
25:48 Town Patrol
26:29 Scale Barding Armor
26:26 Scale Mail Armor
29:32 Fletching
Smoothie
11:15 Feudal Age
12:11 Double-Bit Axe
18:28 Stone Mining
23:38 Castle Age
21:42 Horse Collar
24:20 Squires
27:07 Scale Mail Armor
32:42 Arson
33:24 Chain Mail Armor
Connection lost

Rejoining the realm…

Still unreachable

The connection could not be restored.

Session expired

The server has moved on; the page needs a fresh start.